AA
WASHINGTON OAKS @ SACRAMENTO AMISH
05/04/2060
 
TOP OF THE 1ST
Washington Oaks batting - Pitching for Sacramento Amish : RHP Ross McMillan
Pitching: RHP Ross McMillan
Batting: RHB Parker Capalbo 0-0: Called Strike
0-1: Foul Ball, location: 2F
0-2: Ball
1-2: Strikes out swinging
Batting: RHB Ayden Harley 0-0: Ball
1-0: Ball
2-0: Called Strike
2-1: Ball
3-1: Base on Balls
Batting: LHB Ethan DeBoer 0-0: Ball
1-0: Grounds into double play, 4-6-3 (Groundball, 4, EV 83.8 MPH)
Top of the 1st over - 0 runs, 0 hits, 0 errors, 0 left on base; Washington 0 - Sacramento 0
BOTTOM OF THE 1ST
Sacramento Amish batting - Pitching for Washington Oaks : RHP Quenton Wagner
Pitching: RHP Quenton Wagner
Batting: RHB Blake Allen 0-0: Called Strike
0-1: Called Strike
0-2: Strikes out swinging
Batting: SHB Brady Hill 0-0: Called Strike
0-1: Ball
1-1: Fly out, F8 (Flyball, 8LS, EV 86.2 MPH)
Batting: SHB Jaylin Godsey 0-0: Called Strike
0-1: Ball
1-1: Ball
2-1: Called Strike
2-2: Strikes out swinging
Bottom of the 1st over - 0 runs, 0 hits, 0 errors, 0 left on base; Washington 0 - Sacramento 0
TOP OF THE 2ND
Washington Oaks batting - Pitching for Sacramento Amish : RHP Ross McMillan
Batting: LHB Elmer Duquette 0-0: Ball
1-0: Ball
2-0: Called Strike
2-1: Ball
3-1: Base on Balls
Batting: RHB Macaulay Sotillo 0-0: Ball
1-0: Swinging Strike
1-1: Called Strike
1-2: Foul Ball, location: 2F
1-2: Fly out, F9 (Flyball, 9LS, EV 95.6 MPH)
Batting: SHB Benny Adcox 0-0: Ball
1-0: Called Strike
1-1: Foul Ball, location: 2F
1-2: Fly out, F8 (Flyball, 8LD, EV 92.5 MPH)
Batting: SHB Frank Kimery 0-0: Ball
1-0: Ball
Wild Pitch!
Elmer Duquette to second
2-0: Foul Ball, location: 2F
2-1: Ball
3-1: Base on Balls
Batting: RHB Tristin Curtis 0-0: Fly out, F4 (Popup, 34D, EV 46.2 MPH)
Top of the 2nd over - 0 runs, 0 hits, 0 errors, 2 left on base; Washington 0 - Sacramento 0
BOTTOM OF THE 2ND
Sacramento Amish batting - Pitching for Washington Oaks : RHP Quenton Wagner
Batting: RHB Adrian Gramling 0-0: Called Strike
0-1: Ball
1-1: Ground out 6-3 (Groundball, 6, EV 108.1 MPH)
Batting: RHB Rory Elia Jr. 0-0: Called Strike
0-1: Ball
1-1: Foul Ball, location: 2F
1-2: Foul Ball, location: 2F
1-2: Ball
2-2: SINGLE (Line Drive, 5D, EV 99.4 MPH)
Batting: RHB Shelton Gallegos 0-0: Swinging Strike
0-1: Called Strike
Rory Elia Jr. steals 2nd base
0-2: Foul Ball, location: 2F
0-2: Ball
1-2: Foul Ball, location: 2F
1-2: Ball
2-2: Fly out, F9 (Flyball, 9, EV 85.0 MPH)
Batting: RHB Nickolas Keyes 0-0: Swinging Strike
0-1: Foul Ball, location: 2F
0-2: Ball
1-2: Ball
2-2: Strikes out looking
Bottom of the 2nd over - 0 runs, 1 hit, 0 errors, 1 left on base; Washington 0 - Sacramento 0
TOP OF THE 3RD
Washington Oaks batting - Pitching for Sacramento Amish : RHP Ross McMillan
Batting: RHB Andrew Stejskal 0-0: Swinging Strike
0-1: Fly out, F9 (Flyball, 9LD, EV 102.5 MPH)
Batting: RHB Parker Capalbo 0-0: Ball
1-0: Foul Ball, location: 2F
1-1: Swinging Strike
1-2: Foul Ball, location: 2F
1-2: Ball
2-2: Strikes out looking
Batting: RHB Ayden Harley 0-0: Ball
1-0: Called Strike
1-1: Called Strike
1-2: Foul Ball, location: 2F
1-2: Ball
2-2: Strikes out swinging
Top of the 3rd over - 0 runs, 0 hits, 0 errors, 0 left on base; Washington 0 - Sacramento 0
BOTTOM OF THE 3RD
Sacramento Amish batting - Pitching for Washington Oaks : RHP Quenton Wagner
Batting: RHB Stefan Flynn 0-0: Ball
1-0: Ball
2-0: Ball
3-0: Called Strike
3-1: Base on Balls
Batting: RHB Louis Leighton 0-0: Called Strike
0-1: Called Strike
0-2: Fly out, F8 (Line Drive, 8RS, EV 86.9 MPH)
Batting: RHB Blake Allen 0-0: SINGLE (Groundball, 56S, EV 67.5 MPH) (infield hit)
Stefan Flynn to second
Batting: SHB Brady Hill 0-0: SINGLE (Flyball, 3D, EV 97.5 MPH)
Stefan Flynn to third
Blake Allen to second
Batting: SHB Jaylin Godsey 0-0: Foul Ball, location: 2F
0-1: SINGLE (Groundball, 34S, EV 75.6 MPH) (infield hit)
Stefan Flynn scores
Blake Allen to third
Brady Hill to second
Batting: RHB Adrian Gramling 0-0: Foul Ball, location: 2F
0-1: Ball
1-1: Fly out, F8 (Flyball, 78M, EV 86.9 MPH)
Runner from 3rd tags up, OUT at HOME! 8-2
Bottom of the 3rd over - 1 run, 3 hits, 0 errors, 2 left on base; Washington 0 - Sacramento 1
TOP OF THE 4TH
Washington Oaks batting - Pitching for Sacramento Amish : RHP Ross McMillan
Batting: LHB Ethan DeBoer 0-0: Foul Ball, location: 2F
0-1: Swinging Strike
0-2: Ball
1-2: Ball
2-2: Ball
3-2: Ground out U3 (Groundball, 3, EV 91.2 MPH)
Batting: LHB Elmer Duquette 0-0: Called Strike
0-1: Ball
1-1: Foul Ball, location: 2F
1-2: Strikes out swinging
Batting: RHB Macaulay Sotillo 0-0: Ball
1-0: Called Strike
1-1: Called Strike
1-2: Foul Ball, location: 2F
1-2: Foul Ball, location: 2F
1-2: SINGLE (Flyball, 89S, EV 96.9 MPH)
Batting: SHB Benny Adcox 0-0: Called Strike
0-1: Ball
1-1: Ball
2-1: Called Strike
2-2: Strikes out looking
Top of the 4th over - 0 runs, 1 hit, 0 errors, 1 left on base; Washington 0 - Sacramento 1
BOTTOM OF THE 4TH
Sacramento Amish batting - Pitching for Washington Oaks : RHP Quenton Wagner
Batting: RHB Rory Elia Jr. 0-0: Swinging Strike
0-1: Swinging Strike
0-2: Strikes out swinging
Batting: RHB Shelton Gallegos 0-0: Called Strike
0-1: Foul Ball, location: 2F
0-2: Ball
1-2: Foul Ball, location: 2F
1-2: Ball
2-2: Ball
3-2: SINGLE (Groundball, 4MD, EV 103.8 MPH)
Batting: RHB Nickolas Keyes 0-0: Fly out, F9 (Flyball, 89S, EV 98.8 MPH)
Batting: RHB Stefan Flynn 0-0: Ball
1-0: Fly out, F8 (Line Drive, 8LM, EV 103.8 MPH)
Bottom of the 4th over - 0 runs, 1 hit, 0 errors, 1 left on base; Washington 0 - Sacramento 1
TOP OF THE 5TH
Washington Oaks batting - Pitching for Sacramento Amish : RHP Ross McMillan
Batting: SHB Frank Kimery 0-0: Foul Ball, location: 2F
0-1: Swinging Strike
0-2: DOUBLE (Groundball, 5L, EV 103.8 MPH)
Batting: RHB Tristin Curtis 0-0: Called Strike
0-1: Foul Ball, location: 2F
0-2: Strikes out looking
Batting: RHB Andrew Stejskal 0-0: Fly out, F6 (Flyball, 6D, EV 91.9 MPH)
Batting: RHB Parker Capalbo 0-0: Ball
1-0: Foul Ball, location: 2F
1-1: SINGLE (Groundball, 3D, EV 99.4 MPH)
Frank Kimery to third
Runner from 3rd tries for Home, SAFE, throw by RF to home
Batting: RHB Ayden Harley 0-0: Ball
1-0: Foul Ball, location: 2F
1-1: Foul Ball, location: 2F
1-2: Fly out, F8 (Flyball, 8LD, EV 100.6 MPH)
Top of the 5th over - 1 run, 2 hits, 0 errors, 1 left on base; Washington 1 - Sacramento 1
BOTTOM OF THE 5TH
Sacramento Amish batting - Pitching for Washington Oaks : RHP Quenton Wagner
Batting: RHB Louis Leighton 0-0: Ball
1-0: Called Strike
1-1: Called Strike
1-2: Fly out, F7 (Line Drive, 7LM, EV 104.4 MPH)
Batting: RHB Blake Allen 0-0: Ball
1-0: Foul Ball, location: 2F
1-1: Ball
2-1: SOLO HOME RUN (Line Drive, 7D, EV 106.9 MPH), Distance : 393 ft
Batting: SHB Brady Hill 0-0: Called Strike
0-1: SINGLE (Line Drive, 9LS, EV 96.9 MPH)
Batting: SHB Jaylin Godsey 0-0: Called Strike
Brady Hill steals 2nd base (no throw)
0-1: Called Strike
0-2: SINGLE (Groundball, 34D, EV 105.6 MPH)
Brady Hill to third
Batting: RHB Adrian Gramling 0-0: Called Strike
0-1: Fly out, F8 (Flyball, 8LM, EV 95.0 MPH)
Batting: RHB Rory Elia Jr. 0-0: Ball
1-0: SINGLE (Groundball, 34D, EV 105.0 MPH)
Brady Hill scores
Jaylin Godsey to second
Runner from 2nd tries for 3rd, OUT! 9-5
Bottom of the 5th over - 2 runs, 4 hits, 0 errors, 1 left on base; Washington 1 - Sacramento 3
TOP OF THE 6TH
Washington Oaks batting - Pitching for Sacramento Amish : RHP Ross McMillan
Batting: LHB Ethan DeBoer 0-0: Ball
1-0: Ball
2-0: Ball
3-0: Foul Ball, location: 2F
3-1: Base on Balls
Batting: LHB Elmer Duquette 0-0: Ball
1-0: Foul Ball, location: 2F
1-1: Foul Ball, location: 2F
1-2: Fly out, F7 (Flyball, 7D, EV 101.9 MPH)
Batting: RHB Macaulay Sotillo 0-0: Called Strike
0-1: Ball
1-1: Fly out, F8 (Flyball, 8LD, EV 103.1 MPH)
Batting: SHB Benny Adcox 0-0: SINGLE (Groundball, 56, EV 86.2 MPH) (infield hit)
Ethan DeBoer to second
Batting: SHB Frank Kimery 0-0: Ball
1-0: Foul Ball, location: 2F
1-1: Swinging Strike
1-2: Strikes out swinging
Top of the 6th over - 0 runs, 1 hit, 0 errors, 2 left on base; Washington 1 - Sacramento 3
BOTTOM OF THE 6TH
Sacramento Amish batting - Pitching for Washington Oaks : RHP Quenton Wagner
Batting: RHB Shelton Gallegos 0-0: Called Strike
0-1: Foul Ball, location: 2F
0-2: Ball
1-2: Fly out, F7 (Line Drive, 78M, EV 99.4 MPH)
Batting: RHB Nickolas Keyes 0-0: Called Strike
0-1: Ground out 5-3 (Groundball, 56S, EV 78.8 MPH)
Batting: RHB Stefan Flynn 0-0: Called Strike
0-1: Ball
1-1: Swinging Strike
1-2: Foul Ball, location: 2F
1-2: SINGLE (Flyball, 78S, EV 85.0 MPH)
Batting: RHB Louis Leighton 0-0: Called Strike
0-1: Fly out, F8 (Flyball, 8RM, EV 88.1 MPH)
Bottom of the 6th over - 0 runs, 1 hit, 0 errors, 1 left on base; Washington 1 - Sacramento 3
TOP OF THE 7TH
Washington Oaks batting - Pitching for Sacramento Amish : RHP Ross McMillan
Pitching: RHP Gavin Armstrong
Batting: RHB Tristin Curtis 0-0: Fly out, F7 (Flyball, 7S, EV 93.8 MPH)
Batting: RHB Andrew Stejskal 0-0: Swinging Strike
0-1: Ball
1-1: Called Strike
1-2: Fly out, F8 (Flyball, 8RS, EV 84.4 MPH)
Batting: RHB Parker Capalbo 0-0: SINGLE (Groundball, 56D, EV 106.9 MPH)
Batting: RHB Ayden Harley 0-0: Called Strike
Parker Capalbo steals 2nd base
0-1: Ball
1-1: Foul Ball, location: 2F
1-2: Foul Ball, location: 2F
1-2: SINGLE (Line Drive, 8RS, EV 91.2 MPH)
Parker Capalbo to third
Runner from 3rd tries for Home, SAFE, throw by CF to home
Ayden Harley to second
Batting: LHB Ethan DeBoer 0-0: Ball
1-0: Swinging Strike
1-1: SINGLE (Groundball, 34D, EV 107.5 MPH)
Ayden Harley to third
Runner from 3rd tries for Home, SAFE, throw by RF to home
Batting: LHB Elmer Duquette 0-0: DOUBLE (Line Drive, 89M, EV 105.6 MPH)
Ethan DeBoer to third
Runner from 3rd tries for Home, SAFE, throw by CF to home
Batting: RHB Macaulay Sotillo 0-0: Ball
1-0: Called Strike
1-1: Ball
2-1: Foul Ball, location: 2F
2-2: Fly out, F4 (Popup, 4M, EV 50.6 MPH)
Top of the 7th over - 3 runs, 4 hits, 0 errors, 1 left on base; Washington 4 - Sacramento 3
BOTTOM OF THE 7TH
Sacramento Amish batting - Pitching for Washington Oaks : RHP Quenton Wagner
Batting: RHB Blake Allen 0-0: Ball
1-0: Foul Ball, location: 2F
1-1: Ball
2-1: Foul Ball, location: 2F
2-2: SINGLE (Line Drive, 8LS, EV 103.8 MPH)
Batting: SHB Brady Hill 0-0: Sac Bunt to 2R - play at first, batter OUT! 2-3
Blake Allen to second
Batting: SHB Jaylin Godsey 0-0: Ball
1-0: Ball
2-0: Ball
3-0: Base on Balls
Batting: RHB Adrian Gramling 0-0: Called Strike
0-1: Ball
1-1: Fly out, F8 (Flyball, 8RXD, EV 80.0 MPH)
Runner from 2nd tags up, SAFE at 3rd, no throw by CF
Batting: RHB Rory Elia Jr. 0-0: Ball
1-0: Ball
2-0: Called Strike
2-1: Swinging Strike
2-2: Ball
3-2: Strikes out swinging
Bottom of the 7th over - 0 runs, 1 hit, 0 errors, 2 left on base; Washington 4 - Sacramento 3
TOP OF THE 8TH
Washington Oaks batting - Pitching for Sacramento Amish : RHP Gavin Armstrong
Pitching: RHP Sean East
Batting: SHB Benny Adcox 0-0: Ball
1-0: Ball
2-0: SINGLE (Groundball, 4D, EV 98.1 MPH)
Batting: SHB Frank Kimery 0-0: Bunted foul
0-1: Sac Bunt to 25 - play at first, batter OUT! 5-3
Benny Adcox to second
Pinch Hitting: LHB Topher Delano 0-0: Intentional Walk
Batting: RHB Andrew Stejskal 0-0: Ball
1-0: Ball
2-0: Foul Ball, location: 2F
2-1: Swinging Strike
2-2: Foul Ball, location: 2F
2-2: Ball
3-2: Strikes out swinging
Batting: RHB Parker Capalbo 0-0: Called Strike
0-1: Fielders Choice at 2nd, 6-4 (Groundball, 6, EV 108.8 MPH)
Top of the 8th over - 0 runs, 1 hit, 0 errors, 2 left on base; Washington 4 - Sacramento 3
BOTTOM OF THE 8TH
Sacramento Amish batting - Pitching for Washington Oaks : RHP Quenton Wagner
Now at 3B: Lucas Murray
Now in CF: Erick Hartman
Now in RF: Parker Capalbo
Batting: RHB Shelton Gallegos 0-0: Called Strike
0-1: Swinging Strike
0-2: Ball
1-2: Ball
2-2: Ball
3-2: Fly out, F7 (Flyball, 7LSF, EV 93.8 MPH)
Pitching: RHP Leland Hughes
Pinch Hitting: SHB Jackie Smitherman 0-0: Foul Ball, location: 2F
0-1: Ball
1-1: SINGLE (Groundball, 5D, EV 103.8 MPH)
Batting: RHB Stefan Flynn 0-0: Fly out, F8 (Flyball, 8LS, EV 78.1 MPH)
Batting: RHB Louis Leighton 0-0: Ball
1-0: Ground out 4-3 (Groundball, 34, EV 88.1 MPH)
Bottom of the 8th over - 0 runs, 1 hit, 0 errors, 1 left on base; Washington 4 - Sacramento 3
TOP OF THE 9TH
Washington Oaks batting - Pitching for Sacramento Amish : RHP Sean East
Now at SS: Dax Andersen
Batting: RHB Ayden Harley 0-0: Ball
1-0: Ball
2-0: Foul Ball, location: 2F
2-1: Ball
3-1: SINGLE (Flyball, 3D, EV 95.6 MPH)
Batting: RHB Erick Hartman 0-0: Called Strike
0-1: Foul Ball, location: 2F
0-2: Ball
1-2: Fly out, F9 (Flyball, 89M, EV 91.2 MPH)
Batting: LHB Elmer Duquette 0-0: Ball
Ayden Harley steals 2nd base (no throw)
1-0: Intentional Walk
Batting: RHB Macaulay Sotillo 0-0: Swinging Strike
0-1: Ball
1-1: Ball
Ayden Harley steals 3rd base
2-1: Called Strike
2-2: Ball
3-2: Fly out, F7 (Flyball, 78D, EV 110.0 MPH)
Runner from 3rd tags up, SCORES, throw by LF
Batting: SHB Benny Adcox 0-0: Called Strike
0-1: Ball
1-1: Ball
2-1: Foul Ball, location: 2F
2-2: Foul Ball, location: 2F
2-2: Foul Ball, location: 2F
2-2: Ball
3-2: DOUBLE (Line Drive, 78D, EV 93.1 MPH)
Elmer Duquette to third
Elmer Duquette scores
Pitching: RHP Henry Aiken
Batting: SHB Frank Kimery 0-0: Called Strike
0-1: Ball
1-1: Foul Ball, location: 2F
1-2: Strikes out looking
Top of the 9th over - 2 runs, 2 hits, 0 errors, 1 left on base; Washington 6 - Sacramento 3
BOTTOM OF THE 9TH
Sacramento Amish batting - Pitching for Washington Oaks : RHP Leland Hughes
Pitching: RHP Jayden Andre
Batting: RHB Blake Allen 0-0: Called Strike
0-1: Foul Ball, location: 2F
0-2: Strikes out swinging
Batting: SHB Brady Hill 0-0: Ball
1-0: SINGLE (Flyball, 56D, EV 89.4 MPH)
Batting: SHB Jaylin Godsey 0-0: Ball
1-0: Foul Ball, location: 2F
1-1: Ball
2-1: Ball
3-1: DOUBLE (Line Drive, 8RXD, EV 109.4 MPH)
Brady Hill to third
Batting: RHB Adrian Gramling 0-0: Called Strike
0-1: Fly out, F8 (Flyball, 8LD, EV 96.2 MPH)
Runner from 3rd tags up, SCORES, no throw by CF
Batting: RHB Rory Elia Jr. 0-0: Ball
1-0: Foul Ball, location: 2F
1-1: DOUBLE (Flyball, 89XD, EV 100.0 MPH)
Jaylin Godsey scores
Batting: RHB Shelton Gallegos 0-0: Called Strike
0-1: Ball
1-1: Ball
2-1: Foul Ball, location: 2F
2-2: Foul Ball, location: 2F
2-2: Ball
3-2: Fly out, F7 (Line Drive, 7LM, EV 111.2 MPH)
Bottom of the 9th over - 2 runs, 3 hits, 0 errors, 1 left on base; Washington 6 - Sacramento 5
Monday, April 29th , 2024 - OOTP Baseball 23.10 Build 110